 Dungeon Crawl Stone Soup version 0.28.0-49-g6dfe1f597d (webtiles) character file.

Game seed: 13927266040872827215

937 naukku the Thaumaturge (level 7, -3/46 HPs)
             Began as a Mummy Necromancer on May 20, 2022.
             Was an Elder of Jiyva.
             Killed from afar by a steam dragon (24 damage)
             ... with a ball of steam
             ... on level 6 of the Dungeon.
             The game lasted 00:24:30 (5655 turns).

naukku the Thaumaturge (Mummy Necromancer)          Turns: 5655, Time: 00:24:31

Health: -3/46      AC:  3    Str: 11    XL:     7   Next: 87%
Magic:  18/18      EV: 12    Int: 16    God:    Jiyva [****..]
Gold:   175        SH:  0    Dex: 13    Spells: 17/22 levels left

rFire   x . .      SeeInvis .   k - +7 mace of Variability {chain chaos}
rCold   + . .      Faith    .   (shield currently unavailable)
rNeg    + + +      Spirit   .   i - +0 robe
rPois   ∞          Reflect  .   j - +0 helmet
rElec   .          Harm     .   (no cloak)
rCorr   +          Rampage  .   (no gloves)
Will    .....                   (no boots)
Stlth   ++........              g - amulet of the acrobat
HPRegen 1.43/turn               (no ring)
MPRegen 0.56/turn               (no ring)

@: no status effects
A: cold resistance 1, negative energy resistance 3, torment resistance 2, heat
vulnerability 1, no potions
a: Renounce Religion, Oozemancy, Slimify


You were on level 6 of the Dungeon.
You worshipped Jiyva.
Jiyva was greatly pleased with you.
You visited 1 branch of the dungeon, and saw 6 of its levels.
You also visited: Sewer.

You collected 175 gold pieces.

Inventory:

Hand Weapons
 a - a +5 spear of freezing
 c - a +0 spear
 k - the +7 mace of Variability (weapon) {chain chaos}
   (You found it on level 3 of the Dungeon)

   Each time it hits an enemy it has a different, random effect.
   It occasionally unleashes arcs of chaos on nearby creatures upon striking a
   foe.
Missiles
 h - 2 silver javelins
 m - 5 poisoned darts
Armour
 i - a +0 robe (worn)
 j - a +0 helmet (worn)
Jewellery
 g - an amulet of the acrobat (around neck)
Scrolls
 b - 6 scrolls of teleportation {unknown}
 d - a scroll of identify {unknown}
 e - 2 scrolls of blinking {unknown}
 f - 2 scrolls of magic mapping {unknown}
 l - a scroll of amnesia {unknown}


   Skills:
 - Level 1.5 Dodging
 - Level 1.5 Stealth
 + Level 8.1 Spellcasting
 + Level 7.5 Necromancy


You had 17 spell levels left.
You knew the following spells:

 Your Spells              Type           Power      Damage    Failure   Level
a - Pain                  Necr           100%       1d9       1%          1
b - Animate Skeleton      Necr           60%        N/A       1%          1
c - Vampiric Draining     Necr           30%        2d8       1%          3

Your spell library contained the following spells:

 Spells                   Type           Power      Damage    Failure   Level
 Animate Dead             Necr           15%        N/A       4%          4
 Apportation              Tloc           12%        N/A       11%         1
 Summon Small Mammal      Summ           24%        N/A       11%         1
 Agony                    Necr           30%        N/A       14%         5


Dungeon Overview and Level Annotations

Branches:
Dungeon (6/15)              Sewer (visited)
 Temple: D:4-7

Altars:
Jiyva

Annotations:
D:3 1 runed translucent door, Crazy Yiuf


Innate Abilities, Weirdness & Mutations

You are immune to poison.
Your flesh is cold resistant. (rC+)
You are immune to negative energy. (rN+++)
You are immune to unholy pain and torment.
You are vulnerable to heat. (rF-)
You do not drink.


Message History

Items here: )) [[ †.
Aiming: Pain (safe; 1% risk of failure)
Press: ? - help, Q - select action, (/) - cycle Shift-Dir - straight line, f - steam dragon
Aim: a steam dragon (wandering, hasn't noticed you, chance to affect: 83%)
The steam dragon hisses angrily.
The steam dragon writhes in agony!
Aiming: Pain (safe; 1% risk of failure)
Press: ? - help, Q - select action, (/) - cycle Shift-Dir - straight line, f/p - steam dragon
Aim: a steam dragon (moderately wounded, chance to affect: 83%)
The steam dragon barely resists.
The steam dragon breathes steam at you. The ball of steam misses you.
You are engulfed in a cloud of scalding steam.
Aiming: Pain (safe; 1% risk of failure)
Press: ? - help, Q - select action, (/) - cycle Shift-Dir - straight line, f - you That beam is likely to hit you.
Continue anyway? [Y]es or [N]o only, please.
That beam is likely to hit you.
Continue anyway?
Okay, then.
Unknown command.
You are engulfed in a cloud of scalding steam.
There is an open door here.
Aiming: Pain (safe; 1% risk of failure)
Press: ? - help, Q - select action, (/) - cycle Shift-Dir - straight line, f - steam dragon
Aim: a steam dragon (moderately wounded, catching its breath, chance to affect: 83%)
The steam dragon barely resists.
You are engulfed in a cloud of scalding steam.
Aiming: Pain (safe; 1% risk of failure)
Press: ? - help, Q - select action, (/) - cycle Shift-Dir - straight line, f/p - steam dragon
Aim: a steam dragon (moderately wounded, catching its breath, chance to affect: 83%)
The steam dragon barely resists.
You are engulfed in a cloud of scalding steam.
Jiyva says: Divide and consume!
You fail to use your ability.
You hit the steam dragon.
The steam dragon seems to speed up.
The steam dragon is moderately wounded.
The steam dragon breathes steam at you. The ball of steam hits you!!
The steam scalds you terribly!
Ouch! That really hurt!
You die...

##+# ##...## .#
##.....## # .#
##(......## .###. .#
#.........####......
...
+.........@D).......
..#
#.........####...##.
#.# #.......## $.#
###.#####.....## .#
..<....###...## ..
..†....####'##### .#
................#######
#
........###............
........###.###.######


You could see a steam dragon (fast, catching breath).

Vanquished Creatures
  A necrophage (D:6)
  A kobold brigand (Sewer)
  2 scorpions (D:5)
  2 water moccasin skeletons
  A howler monkey (D:6)
  2 bullfrog zombies (D:5)
  2 hounds
  3 orc priests
  A bullfrog skeleton (D:5)
  An iguana (D:6)
  3 orc wizards
  Robin (D:3)
  7 adders
  3 river rats
  A white imp (D:6)
  4 worms (D:4)
  2 dart slugs
  8 orcs
  5 ball pythons
  2 endoplasms (D:2)
  4 giant cockroaches
  7 goblins
  9 hobgoblins
  6 jackals
  11 kobolds
  3 quokkas
  5 bats
  3 frilled lizards
  8 rats
108 creatures vanquished.

Vanquished Creatures (others)
  Sigmund (D:5)
  A necrophage (D:3)
  5 jellies (D:5)
  2 orc priests (D:5)
  A bullfrog skeleton (D:5)
  An iguana (D:5)
  2 orc wizards (D:5)
  4 gnolls (D:5)
  2 adders
  2 ufetubi
  2 endoplasms (D:4)
  9 orcs
  A ball python (Sewer)
  A giant cockroach (D:4)
  2 goblins (D:3)
  A hobgoblin (D:3)
  6 jackals
  A rat (Sewer)
  35 plants (Sewer)
79 creatures vanquished.

Grand Total: 187 creatures vanquished

Notes
Turn   | Place    | Note
-------+----------+-------------------------------------------
     0 | D:1      | naukku the Mummy Necromancer began the quest for the Orb.
     0 | D:1      | Reached XP level 1. HP: 13/13 MP: 4/4
   277 | D:1      | Reached skill level 3 in Spellcasting
   525 | D:1      | Reached XP level 2. HP: 19/19 MP: 0/6
  1437 | D:2      | Reached XP level 3. HP: 24/24 MP: 2/8
  1923 | D:2      | Reached skill level 4 in Spellcasting
  2211 | D:2      | Found a faded altar of an unknown god.
  2214 | D:2      | Prayed at the altar of an unknown god.
  2214 | D:2      | Became a worshipper of Jiyva Jocza the Shapeless
  2214 | D:2      | Reached * piety under Jiyva
  2402 | D:3      | Noticed a necrophage
  2451 | D:2      | Learned a level 1 spell: Animate Skeleton
  2592 | D:3      | Reached XP level 4. HP: 30/30 MP: 7/10
  2817 | D:3      | Noticed Robin
  2826 | D:3      | Killed Robin
  2827 | D:3      | Reached skill level 5 in Necromancy
  3044 | D:3      | Found the +7 mace of Variability {chain chaos}
  3220 | D:3      | Reached ** piety under Jiyva
  3296 | D:3      | Found a runed translucent door.
  3297 | D:3      | Noticed Crazy Yiuf
  3300 | D:3      | Killed a necrophage
  3451 | D:4      | Found a glowing drain.
  3456 | D:4      | Reached XP level 5. HP: 35/35 MP: 12/12
  3463 | D:4      | Reached skill level 5 in Spellcasting
  3485 | Sewer    | Entered a sewer
  3791 | Sewer    | Reached XP level 6. HP: 41/41 MP: 6/14
  4258 | D:4      | Reached skill level 6 in Spellcasting
  4274 | D:4      | Reached *** piety under Jiyva
  4820 | D:5      | Entered Level 5 of the Dungeon
  5010 | D:5      | Reached XP level 7. HP: 29/46 MP: 17/17
  5013 | D:5      | Killed Sigmund
  5093 | D:5      | Reached skill level 7 in Spellcasting
  5139 | D:5      | Reached **** piety under Jiyva
  5173 | D:5      | Learned a level 3 spell: Vampiric Draining
  5579 | D:6      | Reached skill level 8 in Spellcasting
  5646 | D:6      | Noticed a steam dragon
  5655 | D:6      | Killed from afar by a steam dragon

Illustrated notes

Levels and vault maps discovered:
D:1:      minmay_arrival_nine_rooms, layout_basic
D:2:      layout_basic, hellmonk_ecumenical_altar_inner_sanctum
D:3:      layout_basic, uniq_robin, uniq_crazy_yiuf_cottage
D:4:      layout_loops_corners, portal_sewer_entry_a
D:5:      layout_gridville, uniq_sigmund
D:6:      layout_loops_corners

Skill      XL: |  1  2  3  4  5  6  7 |
---------------+----------------------+-----
Spellcasting   | 3 4 5 6 8 |  8.1
Necromancy     | 5 6 7 |  7.5
Dodging        | |  1.5
Stealth        | |  1.5

Action                   |  1- 3 |  4- 6 |  7- 9 || total
-------------------------+-------+-------+-------++-------
Melee: Unarmed           |     4 |       |       ||     4
       Spear             |     7 |     2 |       ||     9
       Great mace        |       |   112 |    35 ||   147
 Cast: Pain              |    83 |    80 |    19 ||   182
       Animate Skeleton  |       |     1 |       ||     1
Armor: Robe              |     2 |    36 |     9 ||    47
Dodge: Dodged            |    16 |   101 |    29 ||   146
